 Dungeon Crawl Stone Soup version 0.24.0-28-g17ded55e90 (webtiles) character file.

Game seed: 14987606063620203691, levelgen mode: deterministic

19245 DildoBatman the Geomancer (level 13, -13/93 HPs)
             Began as a Formicid Wizard on Nov 12, 2019.
             Was an Initiate of Gozag.
             Mangled by an orc warlord
             ... wielding a +0 battleaxe
              (28 damage)
             ... on level 1 of the Orcish Mines.
             The game lasted 01:00:13 (13908 turns).

DildoBatman the Geomancer (Formicid Wizard)        Turns: 13908, Time: 01:00:13

Health: -13/93     AC: 10    Str: 11    XL:     13   Next: 3%
Magic:  15/43      EV: 14    Int: 23    God:    Gozag
Gold:   441        SH:  0    Dex:  9    Spells: 3/28 levels left

rFire    . . .     SeeInvis +   b - +4 dire flail (drain)
rCold    . . .     Gourm    .   (no shield)
rNeg     + + .     Faith    .   q - +1 robe of Lugonu's Displeasure {rN++ MP+9 Str-4 Stlth+}
rPois    +         Spirit   .   (helmet unavailable)
rElec    .         Reflect  .   X - +2 cloak
rCorr    .         Harm     .   r - +2 pair of gloves {Str+3}
MR       +....                  (no boots)
Stlth    +++.......             (no amulet)
HPRegen  1.25/turn              m - ring of poison resistance
MPRegen  0.28/turn              F - ring of magical power

@: gold aura, regenerating (expiring)
A: permanent stasis, dig shafts and tunnels, four strong arms, antennae 3
a: Dig, Shaft Self, Potion Petition, Call Merchant, Bribe Branch, Renounce
Religion


You were on level 1 of the Orcish Mines.
You worshipped Gozag.
Gozag was aware of your devotion.
You were very full.

You visited 4 branches of the dungeon, and saw 14 of its levels.
You also visited: Ossuary.

You collected 1142 gold pieces.
You spent 400 gold pieces at shops.
You paid 301 gold pieces to Gozag.

Inventory:

Hand Weapons
 a - a +3 halberd
 b - a +4 dire flail of draining (weapon)
 c - a +1 hunting sling of freezing
 d - a +2 dagger of electrocution
Missiles
 g - 205 arrows
 h - 124 sling bullets
 s - 12 boomerangs (quivered)
 t - 6 silver boomerangs
 u - 30 poisoned darts
 B - 70 bolts
 V - 2 throwing nets
Armour
 q - the +1 robe of Lugonu's Displeasure (worn) {rN++ MP+9 Str-4 Stlth+}
   (You bought it in a shop on level 4 of the Dungeon)

   It affects your strength (-4).
   It greatly protects you from negative energy.
   It affects your magic capacity (+9).
   It makes you more stealthy.
 r - a +2 pair of gloves of strength (worn)
 X - a +2 cloak (worn)
Jewellery
 m - a ring of poison resistance (left hand)
 F - a ring of magical power (right hand)
 H - an uncursed ring of stealth
Wands
 f - a wand of disintegration (12)
 A - a wand of acid (8)
 O - a wand of scattershot (3)
 S - a wand of paralysis (17)
Scrolls
 k - 4 scrolls of amnesia
 o - 3 scrolls of enchant weapon
 w - a scroll of enchant armour {unknown}
 x - 6 scrolls of remove curse
 y - 5 scrolls of fog
 z - 3 scrolls of identify
 C - 3 scrolls of magic mapping
 M - 2 scrolls of random uselessness {unknown}
 P - a scroll of holy word {unknown}
 R - 2 scrolls of immolation {unknown}
Potions
 e - a potion of berserk rage {unknown}
 i - 2 potions of cancellation
 j - a potion of flight {unknown}
 l - 4 potions of might
 p - 5 potions of agility
 E - 2 potions of degeneration {unknown}
 G - 2 potions of lignification {unknown}
 I - a potion of magic {unknown}
 K - 2 potions of ambrosia
 L - a potion of brilliance {unknown}
 N - 2 potions of resistance
 Q - a potion of mutation {unknown}
 U - 4 potions of curing
Comestibles
 v - 19 rations


   Skills:
 * Level 5.7 Fighting
 * Level 5.7 Armour
 * Level 5.1 Dodging
 - Level 2.4 Stealth
 - Level 8.0 Spellcasting
 - Level 6.0 Conjurations
 * Level 3.6 Charms
   Level 1.0 Summonings
 * Level 9.8 Necromancy
   Level 0.8 Translocations
 - Level 5.0 Fire Magic
 - Level 5.0 Air Magic
 - Level 10.0 Earth Magic


You had 3 spell levels left.
You knew the following spells:

 Your Spells              Type           Power        Failure   Level  Hunger
a - Conjure Flame         Conj/Fire      ####....     2%          3    None
b - Borgnjor's Vile Clut  Necr/Erth      ######....   3%          5    #####..
c - Magic Dart            Conj           ####         1%          1    None
d - Regeneration          Chrm/Necr      #####.....   1%          3    None
e - Mephitic Cloud        Conj/Pois/Air  ####....     4%          3    None
f - Vampiric Draining     Necr           ######....   1%          3    None
h - Dispel Undead         Necr           ######..     3%          5    #####..
z - Sublimation of Blood  Necr           ######....   1%          2    None

Your spell library contained the following spells:

 Spells                   Type           Power        Failure   Level  Hunger
 Infusion                 Chrm           ####         1%          1    None
 Pain                     Necr           ####         1%          1    None
 Corpse Rot               Necr           N/A          1%          2    None
 Song of Slaying          Chrm           ####....     2%          2    None
 Shroud of Golubria       Chrm/Tloc      ###...       4%          2    None
 Corona                   Hex            #......      7%          1    None
 Call Imp                 Summ           ##......     7%          2    None
 Inner Flame              Hex/Fire       ###.....     8%          3    None
 Spectral Weapon          Hex/Chrm       ###.....     10%         3    None
 Slow                     Hex            #.......     11%         2    None
 Portal Projectile        Hex/Tloc       ##....       17%         3    None
 Animate Dead             Necr           N/A          1%          4    ###....
 Agony                    Necr           ######..     3%          5    #####..
 Leda's Liquefaction      Hex/Erth       ####......   9%          4    ###....
 Cause Fear               Hex            #.........   56%         4    ###....
 Simulacrum               Ice/Necr       ####......   80%         6    ######.
 Haunt                    Necr/Summ      ####......   99%         7    #######
 Borgnjor's Revivificati  Necr           ######....   100%        8    #######
 Death's Door             Chrm/Necr      #####.....   100%        8    #######
 Infestation              Necr           ######....   100%        8    #######
 Necromutation            Tmut/Necr      ####......   100%        8    #######
 Blink                    Tloc           Unusable     N/A         2    N/A

Dungeon Overview and Level Annotations

Branches:
Dungeon (11/15)            Temple (1/1) D:6            Lair (1/6) D:10
    Orc (1/2) D:11        Ossuary (visited)

Altars:
Ashenzari
Cheibriados
Dithmenos
Elyvilon
Fedhas
Gozag
Hepliaklqana
Kikubaaqudgha
Makhleb
Nemelex Xobeh
Okawaru
Qazlal
Ru
Sif Muna
Trog
Uskayaw
Vehumet
Wu Jian
Xom
Yredelemnul
Zin
The Shining One

Shops:
D:4 [([*%

Portals:
Trove: D:11 (give +6 fire dragon scales)


Innate Abilities, Weirdness & Mutations

You cannot be hasted, slowed, berserked, paralysed or teleported.
You can dig through walls and to a lower floor.
Your four strong arms can wield two-handed weapons with a shield.
You have a pair of large antennae on your head. (SInv)


Message History

The zombie hands constrict the orc.
You kill the orc!
You completely miss the orc warlord.
The orc warlord is heavily wounded.
The zombie hands constrict the orc warlord!
The orc warlord is engulfed in blazing flames.
The orc warlord hits you with a +0 battleaxe!!
You hit the orc warlord but do no damage.
The orc warlord is severely wounded.
Your skin is crawling a little less now.
The zombie hands constrict the orc warlord!
The orc warlord is engulfed in blazing flames.
The orc warlord hits you with a +0 battleaxe!!
The zombie hands constrict the orc warlord.
The zombie hands release their grip on the orc warlord.
The orc warlord is engulfed in blazing flames.
The orc wizard becomes distracted by the nearby gold, dreaming of imaginary riches.
The orc warlord hits you with a +0 battleaxe!!
You die...
Your body crumbles into a pile of gold.

### #@## #########
##o## ##...{{{o##
##§## #.#######.####
##☼## ##o...o.....{##
##o#
##.###########.###.##
##.##o.{.o....##.#.##
#.##.#########{##{##
o##.###.#.#...{oO#{#


You could see an orc warlord and an orc wizard (unaware).

Vanquished Creatures
  An orc warlord (Orc:1)
  Harold (D:10)
  A two-headed ogre (Orc:1)
  An unseen horror (D:11)
  2 ugly things (D:11)
  An orc sorcerer (Orc:1)
  A black mamba (Lair:1)
  Joseph (D:9)
  Psyche (D:8)
  3 spiny frogs (Lair:1)
  A komodo dragon (D:10)
  2 kobold demonologists (D:11)
  2 trolls
  A queen bee (D:8)
  Grinder (D:4)
  4 hippogriffs
  2 wyverns
  Eustachio (D:5)
  12 yaks
  3 hungry ghosts
  Menkaure (Ossuary)
  Duvessa (D:7)
  A water moccasin (D:8)
  2 porcupines (Lair:1)
  11 orc warriors
  4 sky beasts
  2 black bears
  An eye of draining (D:11)
  2 phantoms
  A necrophage (D:5)
  An ice beast (D:10)
  6 ogres
  A wolf (Lair:1)
  5 centaurs
  2 crocodiles
  A big kobold (D:8)
  7 bullfrogs
  Dowan (D:7)
  2 wyvern skeletons
  A hippogriff skeleton (Lair:1)
  A water moccasin skeleton (D:8)
  31 killer bees
  4 scorpions
  5 wights (D:8)
  A yak skeleton (Lair:1)
  3 howler monkeys
  5 crimson imps
  A centaur zombie (D:11)
  A centaur skeleton (D:10)
  6 hounds
  4 jellies
  2 quasits (D:9)
  3 bullfrog skeletons
  16 orc priests
  Jessica (D:7)
  An iguana (D:10)
  14 worker ants
  25 orc wizards
  A hound zombie (D:6)
  A hound skeleton (D:5)
  3 mummies (Ossuary)
  3 worker ant zombies
  A howler monkey skeleton (D:5)
  14 adders
  3 shadow imps
  2 oozes
  2 adder zombies
  An adder skeleton (D:5)
  2 worms (D:3)
  3 dart slugs
  10 leopard geckos
  79 orcs
  4 giant cockroaches
  2 gnoll zombies (Ossuary)
  9 goblins
  6 hobgoblins
  6 jackals
  15 kobolds
  6 quokkas
  9 bats
  6 frilled lizards
  4 gnoll skeletons (Ossuary)
  6 goblin skeletons (Ossuary)
  7 goblin zombies (Ossuary)
  5 hobgoblin skeletons (Ossuary)
  2 hobgoblin zombies (Ossuary)
  A jackal skeleton (D:4)
  A jackal zombie (D:6)
  3 kobold skeletons (Ossuary)
  6 kobold zombies (Ossuary)
  2 orc skeletons (Ossuary)
  3 orc zombies (Ossuary)
  A quokka skeleton (D:7)
  12 rats
  3 rat skeletons (Ossuary)
  5 rat zombies (Ossuary)
  6 plants (D:10)
474 creatures vanquished.

Vanquished Creatures (others)
  A giant cockroach (D:3)
  A goblin skeleton (Ossuary)
  A rat skeleton (Ossuary)
  A plant (D:6)
4 creatures vanquished.

Grand Total: 478 creatures vanquished

Notes
Turn   | Place    | Note
-------+----------+-------------------------------------------
     0 | D:1      | DildoBatman the Formicid Wizard began the quest for the
                  | Orb.
     0 | D:1      | Reached XP level 1. HP: 13/13 MP: 4/4
     6 | D:1      | Reached skill level 1 in Conjurations
   260 | D:1      | Reached XP level 2. HP: 16/19 MP: 1/6
   665 | D:1      | Reached XP level 3. HP: 24/24 MP: 3/7
   672 | D:1      | Learned a level 3 spell: Conjure Flame
   676 | D:1      | Learned a level 3 spell: Mephitic Cloud
  1152 | D:2      | Reached XP level 4. HP: 22/30 MP: 5/8
  1381 | D:2      | Found a white marble altar of Elyvilon.
  2192 | D:3      | Reached XP level 5. HP: 16/35 MP: 2/9
  2491 | D:3      | Reached XP level 6. HP: 20/41 MP: 7/10
  2510 | D:3      | Reached skill level 5 in Conjurations
  2817 | D:3      | You fall into a shaft and drop 2 floors!
  2817 | D:5      | Entered Level 5 of the Dungeon
  2858 | D:4      | Found Emixaolyre's General Store.
  2877 | D:4      | Noticed an ogre
  2913 | D:4      | Found Qewnip's Food Emporium.
  2955 | D:4      | Found a snail-covered altar of Cheibriados.
  3043 | D:4      | Found Xyidack's Armour Boutique.
  3162 | D:4      | Found Uginemna's Antique Weapon Boutique.
  3176 | D:4      | Found Bianwif's Antique Armour Emporium.
  3180 | D:4      | Bought a ripped robe for 142 gold pieces
  3190 | D:4      | Identified the +1 robe of Lugonu's Displeasure {rN++ MP+9
                  | Str-4 Stlth+} (You bought it in a shop on level 4 of the
                  | Dungeon)
  3697 | D:5      | Reached XP level 7. HP: 25/46 MP: 11/11
  3727 | D:5      | Reached skill level 1 in Fire Magic
  3727 | D:5      | Reached skill level 1 in Air Magic
  4592 | D:6      | Reached XP level 8. HP: 25/52 MP: 4/12
  4743 | D:6      | Found a staircase to the Ecumenical Temple.
  4753 | Temple   | Entered the Ecumenical Temple
  4916 | Temple   | Became a worshipper of Kikubaaqudgha
  5190 | D:6      | Found a shimmering altar of Xom.
  5193 | D:6      | Found a basalt altar of Yredelemnul.
  5193 | D:6      | Found a shadowy altar of Dithmenos.
  5251 | D:6      | Found a hide-covered altar of Uskayaw.
  5953 | D:3      | Reached * piety under Kikubaaqudgha
  5953 | D:3      | Identified Kikubaaqudgha's Papyrus of Evil Magic
                  | (Kikubaaqudgha gifted it to you on level 3 of the Dungeon)
  5953 | D:3      | Received a gift from Kikubaaqudgha
  5977 | D:3      | Learned a level 2 spell: Sublimation of Blood
  5981 | D:3      | Learned a level 3 spell: Vampiric Draining
  6162 | D:4      | Reached skill level 5 in Fire Magic
  6235 | D:4      | Noticed Grinder
  6244 | D:4      | Killed Grinder
  6244 | D:4      | Reached skill level 5 in Air Magic
  6244 | D:4      | Reached XP level 9. HP: 56/57 MP: 13/13
  6323 | D:4      | Reached skill level 1 in Necromancy
  6537 | D:5      | Noticed Eustachio
  6568 | D:5      | Killed Eustachio
  6830 | D:5      | Reached skill level 5 in Spellcasting
  7254 | D:7      | Noticed a hippogriff
  7281 | D:7      | Noticed Dowan
  7281 | D:7      | Killed a hippogriff
  7289 | D:7      | Noticed Duvessa
  7319 | D:7      | Killed Duvessa
  7322 | D:7      | Reached skill level 5 in Necromancy
  7392 | D:7      | Killed Dowan
  7534 | D:7      | Reached XP level 10. HP: 63/63 MP: 19/19
  7543 | D:7      | Reached ** piety under Kikubaaqudgha
  7667 | D:7      | Noticed Jessica
  7673 | D:7      | Killed Jessica
  7679 | D:7      | Found a shimmering blue altar of Sif Muna.
  8007 | D:8      | Reached *** piety under Kikubaaqudgha
  8007 | D:8      | Identified Kikubaaqudgha's Guide on Darkness (Kikubaaqudgha
                  | gifted it to you on level 8 of the Dungeon)
  8007 | D:8      | Received a gift from Kikubaaqudgha
  8015 | D:8      | Learned a level 5 spell: Dispel Undead
  8135 | D:8      | Found a sand-covered staircase.
  8145 | D:8      | Noticed Psyche
  8156 | D:8      | Killed Psyche
  8177 | D:8      | Found a shimmering altar of Xom.
  8198 | D:8      | Learned a level 5 spell: Borgnjor's Vile Clutch
  8239 | Ossuary  | Entered an ossuary
  8250 | Ossuary  | Reached skill level 1 in Earth Magic
  8415 | Ossuary  | Reached **** piety under Kikubaaqudgha
  8531 | Ossuary  | Noticed Menkaure
  8550 | Ossuary  | Killed Menkaure
  8550 | Ossuary  | Reached skill level 2 in Earth Magic
  8760 | D:8      | Reached skill level 3 in Earth Magic
  8937 | D:8      | Reached XP level 11. HP: 54/68 MP: 21/21
  9042 | D:8      | Reached skill level 4 in Earth Magic
  9095 | D:8      | Reached skill level 5 in Earth Magic
  9177 | D:8      | Reached skill level 6 in Earth Magic
  9226 | D:8      | Reached ***** piety under Kikubaaqudgha
  9350 | D:9      | Reached skill level 7 in Earth Magic
  9354 | D:9      | Reached skill level 8 in Earth Magic
  9551 | D:9      | Reached skill level 9 in Earth Magic
  9909 | D:9      | Noticed Joseph
  9921 | D:9      | Killed Joseph
  9921 | D:9      | Reached skill level 1 in Fighting
  9921 | D:9      | Reached skill level 1 in Armour
 10115 | D:10     | Entered Level 10 of the Dungeon
 10288 | D:10     | Noticed Harold
 10302 | D:10     | Killed Harold
 10612 | D:10     | Found a staircase to the Lair.
 11019 | D:11     | Found a staircase to the Orcish Mines.
 11048 | D:11     | Noticed an unseen horror
 11067 | D:11     | Killed an unseen horror
 11079 | D:11     | Reached XP level 12. HP: 41/83 MP: 20/23
 11187 | D:11     | Learned a level 3 spell: Regeneration
 11517 | D:11     | Reached skill level 1 in Charms
 11879 | D:11     | Found a portal to a secret trove of treasure.
 12196 | Orc:1    | Entered Level 1 of the Orcish Mines
 12214 | Orc:1    | Noticed an orc warlord
 12225 | Orc:1    | Killed an orc warlord
 12225 | Orc:1    | Reached ****** piety under Kikubaaqudgha
 12249 | Orc:1    | Noticed an orc warlord
 12249 | Orc:1    | Noticed a two-headed ogre
 12293 | Orc:1    | Received a gift from Kikubaaqudgha
 12505 | Temple   | Fell from the grace of Kikubaaqudgha
 12505 | Temple   | Became a worshipper of Gozag Ym Sagoz the Greedy
 12637 | D:4      | Bought a +2 pair of gloves of strength for 258 gold pieces
 12923 | Lair:1   | Entered Level 1 of the Lair of Beasts
 13165 | Lair:1   | Reached skill level 5 in Armour
 13169 | Lair:1   | Reached skill level 5 in Fighting
 13219 | Lair:1   | Reached skill level 10 in Earth Magic
 13850 | Orc:1    | Reached skill level 5 in Dodging
 13859 | Orc:1    | Killed a two-headed ogre
 13859 | Orc:1    | Reached XP level 13. HP: 64/92 MP: 19/25
 13908 | Orc:1    | Mangled by an orc warlord

Levels and vault maps discovered:
D:1:      grunt_arrival_crossed_arrows, layout_rooms
D:2:      layout_basic, elyvilon_altar_3, first_ration
D:3:      minmay_razor_zed, layout_basic, minmay_between
D:4:      layout_loops_corners, cheibriados_altar_1, serial_shops, shop,
          shop_fountains, shop, shop, kennysheep_little_box, uniq_grinder
D:5:      layout_loops_corners, uniq_eustachio
D:6:      layout_loops_corners, kennysheep_mini,
          gammafunk_temple_overflow_forgotten, minmay_temple_entry_glass
D:7:      layout_basic, tgw_sif, uniq_duvessa
D:8:      layout_basic, nicolae_ossuary_entry_ruins, david_nohive_1,
          nrook_uturn, xom_teletrap_fun, uniq_psyche
D:9:      layout_irregular_city, st_stairs_10, uniq_joseph
D:10:     layout_long_grid, david_lair_shrubbed, kennysheep_generic_room_15,
          uniq_harold
D:11:     layout_cave_pods, hiddenorc2_lemuel, enter_trove_1
Temple:   regret_index_temple_sphere_string
Lair:1:   layout_misc_corridors, st_stairs_3, beast_lair_carwin_10,
          lemuel_fruit_tree
Orc:1:    layout_caves, statue_in_the_mist_lemuel, uniq_maurice

Skill      XL: |  1  2  3  4  5  6  7  8  9 10 11 12 |
---------------+-------------------------------------+-----
Conjurations   | 1 2 3 4 6 |  6.0
Fire Magic     | 3 5 |  5.0
Air Magic      | 2 5 |  5.0
Necromancy     | 5 9 |  9.8
Spellcasting   | 6 7 8 |  8.0
Earth Magic    | 3 9 10 | 10.0
Fighting       | 3 5 |  5.7
Armour         | 3 5 |  5.7
Dodging        | 3 5 |  5.1
Charms         | 3 |  3.6
Stealth        | |  2.4
Summonings     | |  1.0
Translocations | |  0.8

Action                   |  1- 3 |  4- 6 |  7- 9 | 10-12 | 13-15 || total
-------------------------+-------+-------+-------+-------+-------++-------
Melee: Short sword       |    15 |       |       |       |       ||    15
       Dagger            |     4 |    51 |   168 |    54 |       ||   277
       Halberd           |       |       |       |   494 |     8 ||   502
       Trident           |       |       |       |    53 |       ||    53
       Dire flail        |       |       |       |       |     2 ||     2
Throw: Boomerang         |       |       |     1 |       |       ||     1
 Cast: Magic Dart        |    63 |    63 |    95 |    78 |       ||   299
       Mephitic Cloud    |       |     5 |    35 |    54 |     3 ||    97
       Conjure Flame     |       |     3 |    21 |    66 |     5 ||    95
       Vampiric Draining |       |       |     2 |    11 |       ||    13
       Borgnjor's Vile C |       |       |       |    58 |     2 ||    60
       Dispel Undead     |       |       |       |     8 |       ||     8
       Regeneration      |       |       |       |    28 |     3 ||    31
       Sublimation of Bl |       |       |       |     3 |     2 ||     5
Invok: Receive Necronomi |       |       |       |     1 |       ||     1
 Abil: Dig               |       |     1 |    13 |    31 |       ||    45
Evoke: Wand              |       |       |     1 |       |       ||     1
  Use: Scroll            |       |     6 |     1 |    12 |       ||    19
       Potion            |       |       |       |     2 |       ||     2
 Stab: Confused          |       |     2 |    10 |    20 |       ||    32
       Sleeping          |       |       |     6 |     6 |       ||    12
  Eat: Chunk             |     1 |     6 |    19 |    32 |       ||    58
       Ration            |       |       |       |     6 |       ||     6
Armor: Robe              |     2 |     4 |    15 |    78 |       ||    99
Dodge: Dodged            |    26 |    26 |    64 |   340 |       ||   456
